 Dungeon Crawl Stone Soup version 0.31-a0-750-gfe7b580527 (webtiles) character file.

Game seed: 659184653984347558

14 cforsyth the Sneak (level 2, -1/25 HPs)
             Began as a Djinni Delver on Sept 14, 2023.
             Slain by an iguana (12 damage)
             ... on level 3 of the Dungeon.
             The game lasted 00:01:29 (558 turns).

cforsyth the Sneak (Djinni Delver)                   Turns: 558, Time: 00:01:30

Health: -1/25      AC:  4    Str: 11    XL:     2   Next: 60%
Gold:   41         EV: 12    Int: 11    God:
                   SH:  0    Dex: 14

rFire   + + .        a - +0 falchion
rCold   x . .        (no shield)
rNeg    . . .        b - +0 leather armour
rPois   ∞            h - +0 helmet
rElec   .            (no cloak)
rCorr   .            (no gloves)
SInv    .            (boots unavailable)
Will    .....        (no amulet)
Stlth   ++           (no ring)
HPRegen 0.24/turn    (no ring)
MPRegen 0.00/turn

%: infuse magic (-2 HP)
@: flying
A: sickness immunity, fire resistance 2, cold vulnerability 1, float, innate
caster, HP casting, extra vitality 1
a: no special abilities


You were on level 3 of the Dungeon.
You visited 1 branch of the dungeon, and saw 3 of its levels.

You collected 41 gold pieces.

Inventory:

Hand Weapons
 a - a +0 falchion (weapon)
Armour
 b - a +0 leather armour (worn)
 h - a +0 helmet (worn)
Wands
 g - a wand of digging (3)
 j - a wand of polymorph (8)
Scrolls
 c - a scroll of fog
 d - a scroll of revelation
 e - a scroll of fear
 i - a scroll of brand weapon {unknown}
Potions
 f - a potion of haste


   Skills:
 + Level 3.2 Fighting
 - Level 2.0 Long Blades
 - Level 2.4 Dodging
 - Level 4.2 Stealth
 + Level 0.2 Spellcasting
 + Level 0.2 Conjurations
 + Level 0.2 Hexes
   Level 0.0 Charms
 + Level 0.2 Summonings
 + Level 0.2 Necromancy
 + Level 0.2 Translocations
 + Level 0.2 Transmutations
 + Level 0.2 Fire Magic
 + Level 0.2 Ice Magic
 + Level 0.2 Air Magic
 + Level 0.2 Earth Magic
 + Level 0.2 Poison Magic You didn't know any spells. Your spell library was empty.

Dungeon Overview and Level Annotations

Branches:
Dungeon (5/15)
 Temple: D:4-7

Altars:
Fedhas
Xom


Innate Abilities, Weirdness & Mutations

You are immune to sickness and miasma.
You are immune to poison.
Your flesh is very heat resistant. (rF++)
You are vulnerable to cold. (rC-)
You float through the air rather than walking.
You learn spells naturally, not from books.
Your magical power is your life essence.
You have superior vitality. (+4 MHP)


Message History

The iguana bites you but does no damage.
You closely miss the iguana.
The iguana is moderately wounded.
The iguana closely misses you.
You hit the iguana but do no damage.
The iguana is moderately wounded.
The iguana barely misses you.
You hit the iguana.
The iguana is moderately wounded.
The iguana bites you but does no damage.
You barely miss the iguana.
The iguana is moderately wounded.
The iguana barely misses you.
You hit the iguana.
The iguana is heavily wounded.
The iguana misses you. The iguana closely misses you.
You closely miss the iguana.
The iguana is heavily wounded.
The iguana bites you but does no damage.
You hit the iguana.
The iguana is severely wounded.
The iguana barely misses you.
You hit the iguana.
The iguana is severely wounded.
The iguana bites you!
You are too injured to fight recklessly!
You are too injured to fight recklessly!
You are too injured to fight recklessly!
You are too injured to fight recklessly!
You are too injured to fight recklessly!
You are too injured to fight recklessly!
You are too injured to fight recklessly!
You are too injured to fight recklessly!
You closely miss the iguana.
The iguana is severely wounded.
The iguana closely misses you.
You hit the iguana.
The iguana is almost dead.
The iguana bites you!
You die...

..# #....#.#...#
..###....#.#...#
.........#.#...# .
..###.#.##.##..# ..
..###.#.#...#..# ..
..#.....#._.#..#####.#
..#.....#...#........#..
..#.....##.##...........
.........#.#....@l...#
#.#......#.#...#####....
#....###.#.#...#####.. .
#..#.# #.#'#......##.#
##...# #.......##.##.#
###.## ###.....##.##.#
....#######....##.##.#
..........#.##.##.##.#
###..####.#.#..##.##.#


You could see an iguana.

Vanquished Creatures
  2 orcs
  An endoplasm (D:3)
  A hobgoblin (D:3)
  2 ball pythons (D:3)
  2 bats (D:3)
  A frilled lizard (D:3)
  2 kobolds (D:3)
  2 rats (D:3)
13 creatures vanquished.

Notes
Turn   | Place    | Note
-------+----------+-------------------------------------------
     0 | D:5      | cforsyth the Djinni Delver began the quest for the Orb.
     0 | D:5      | Reached XP level 1. HP: 20/20 MP: 0/0
    11 | D:4      | Noticed an iguana
   148 | D:3      | Found a faded altar of an unknown god.
   160 | D:3      | Found a shimmering altar of Xom.
   184 | D:3      | Reached XP level 2. HP: 25/25 MP: 0/0
   252 | D:3      | Found a blossoming altar of Fedhas.
   558 | D:3      | Slain by an iguana

Illustrated notes

Levels and vault maps discovered:
D:3:      layout_loops_cross, mainiacjoe_overflow_alcove_1,
          kennysheep_orc_sif_temple, mainiacjoe_overflow_surrounded_room,
          mainiacjoe_overflow_boulevard, ebering_ghost_reflecting_pool,
          hellmonk_ecumenical_altar_leap_of_faith, minmay_misc_feat_room
D:4:      layout_loops_corners, nicolae_overflow_crystal_walls,
          minmay_temple_entry_arrows, serial_glass, glass_columns_b,
          glass_columns_a, nicolae_nh_ransacked_shop
D:5:      layout_cave_pods

Skill      XL: |  1  2 |
---------------+-------+-----
Long Blades    | 2 |  2.0
Fighting       | |  3.2
Dodging        | |  2.4
Stealth        | |  4.2
Spellcasting   | |  0.2
Conjurations   | |  0.2
Hexes          | |  0.2
Summonings     | |  0.2
Necromancy     | |  0.2
Translocations | |  0.2
Transmutations | |  0.2
Fire Magic     | |  0.2
Ice Magic      | |  0.2
Air Magic      | |  0.2
Earth Magic    | |  0.2
Poison Magic   | |  0.2

Action                     || total
---------------------------++-------
  Melee: Falchion          ||    55
         Punch             ||     1
   Stab: Sleeping          ||     6
 Armour: Leather armour    ||    22
  Dodge: Dodged            ||    42

Table legend: (Time is in decaauts)
 A = Elapsed time spent in this place.
 B = Non-inter-level travel time spent in this place.
 C = Inter-level travel time spent in this place.
 D = Time resting spent in this place.
 E = Time spent auto-exploring this place.
 F = Levels seen in this place.
 G = Mean time per level.
                   A        B        C        D        E       F      G
               +--------+--------+--------+--------+--------+-----+--------+
         Total |    568 |    568 |      0 |      0 |    379 |   3 |  189.3 |
       Dungeon |    568 |    568 |      0 |      0 |    379 |   3 |  189.3 |
               +--------+--------+--------+--------+--------+-----+--------+

Top non-repeatable levels by time:
     D:3: 524 daAuts
     D:4: 38 daAuts
     D:5: 5 daAuts
